Map: Arctic Dream LE

Players

qqq

  • Race: Zerg Zerg
  • League: Platinum
  • Spawn Location: 12:00

Massa

  • Race: Terran Terran
  • League: Gold
  • Spawn Location: 11:00

Ankna - Winner!

  • Race: Terran Terran
  • League: Platinum
  • Spawn Location: 5:00

blonkie - Winner!

  • Race: Terran Terran
  • Spawn Location: 6:00

VOD

Have the link to the VOD?

Description

Time

  • Played on: May 26, 2020, 12:44 p.m.
  • Length: 25:14
Show
View Real Time Build Order
Export as new Build Order

qqq Zerg 

Build Orders: Hatch First 

Get SALT Encoding   

  12  0:04  Drone  
  13  0:10  Drone  
  14  0:36  Hatchery  
  13  0:51  Spawning Pool  
  12  0:59  Overlord  
  12  1:03  Drone  
  13  1:07  Drone  
  14  1:19  Extractor, Drone  
  14  1:27  Drone  
  15  1:37  Drone  
  16  1:45  Queen  
  18  1:47  Queen  
  18  1:51  Drone  
  21  1:56  Zergling x2  
  21  1:57  Drone  
  23  2:01  Drone  
  24  2:09  Overlord  
  24  2:16  Zergling x2  
  25  2:32  Drone x3  
  25  2:33  Zergling x2  
  29  2:38  Zergling x2  
  29  2:43  Metabolic Boost  
  30  2:47  Overlord  
  30  2:48  Zergling x2  
  31  3:03  Zergling x8  
  31  3:04  Zergling x2  
  36  3:06  Drone  
  36  3:09  Overlord  
  36  3:11  Drone  
  38  3:19  Zergling x2  
  39  3:21  Zergling x2  
  40  3:31  Zergling x2  
  40  3:33  Lair  
  42  3:34  Zergling x4  
  42  3:35  Zergling x2  
  44  3:43  Zergling x2  
  44  3:44  Zergling x2  
  44  3:46  Zergling x4  
  48  3:49  Zergling x2  
  49  4:01  Zergling x4  
  52  4:02  Zergling x2  
  52  4:03  Overlord  
  44  4:19  Zergling x2  
  44  4:20  Zergling x10  
  43  4:33  Zergling x2  
  43  4:38  Drone, Zergling x2, Infestation Pit  
  45  4:44  Zergling x2  
  46  4:53  Zergling x2  
  46  4:54  Hatchery, Zergling x2  
  47  5:05  Zergling x10  
  47  5:06  Zergling x2  
  50  5:26  Zergling x4  
  50  5:27  Zergling x6  
  40  5:35  Zergling x2  
  41  5:37  Zergling x6  
  44  5:48  Zergling x6  
  44  5:49  Zergling x2  
  37  5:59  Zergling x2  
  37  6:00  Zergling x2  
  37  6:07  Zergling x4  
  37  6:08  Zergling x8  
  37  6:09  Zergling x6  
  44  6:14  Queen  
  46  6:19  Drone x2  
  48  6:29  Drone  
  48  6:31  Zergling x2  
  48  6:32  Overlord  
  50  6:40  Drone, Spore Crawler x2  
  49  6:50  Overlord  
  49  6:51  Drone x2  
  51  6:58  Drone, Spore Crawler  
  51  7:05  Drone, Zergling x2  
  51  7:06  Zergling x4  
  51  7:08  Zergling x2  
  56  7:21  Zergling x2  
  56  7:22  Drone x3  
  60  7:23  Drone x2  
  62  7:34  Hive  
  62  7:36  Zergling x4  
  63  7:43  Drone, Evolution Chamber  
  63  7:45  Evolution Chamber  
  56  8:10  Zergling x2  
  56  8:11  Drone, Zergling x2  
  56  8:12  Drone x3, Zergling x4  
  57  8:13  Drone, Zergling x2  
  57  8:19  Zerg Melee Weapons Level 1  
  59  8:20  Zerg Ground Armor Level 1  
  59  8:27  Zergling x2  
  55  8:42  Drone x2  
  55  8:46  Spore Crawler  
  55  8:47  Spore Crawler  
  55  8:52  Ultralisk Cavern  
  55  9:02  Zergling x2  
  55  9:03  Zergling x6  
  56  9:17  Zergling x16  
  56  9:19  Drone x2  
  56  9:20  Drone  
  56  9:21  Drone x3  
  69  9:26  Extractor  
  68  9:31  Drone x3  
  68  9:36  Drone  
  68  9:37  Zergling x2  
  73  9:40  Anabolic Synthesis  
  73  9:43  Overlord  
  73  9:44  Overlord x3  
  73  9:45  Overlord  
  58  10:08  Ultralisk  
  58  10:09  Zergling x10  
  58  10:10  Drone, Zergling x4  
  58  10:11  Drone x3  
  69  10:14  Extractor  
  68  10:33  Drone x4  
  68  10:34  Drone x3  
  75  10:37  Extractor  
  75  10:38  Extractor  
  75  10:41  Chitinous Plating  
  73  10:45  Hatchery  
  73  10:48  Zergling x8  
  76  11:06  Drone x4  
  80  11:30  Zerg Ground Armor Level 2  
  86  11:33  Zergling x4, Ultralisk  
  86  11:34  Zergling x16  
  86  11:35  Zergling x12  
  102  11:40  Drone  
  102  11:42  Extractor  
  102  11:55  Ultralisk x2  
  102  11:57  Overlord x2  
  102  11:58  Drone  
  102  11:59  Queen  
  117  12:09  Drone x3  
  117  12:15  Zerg Melee Weapons Level 2  
  120  12:18  Zergling x10, Ultralisk  
  120  12:19  Zergling x6  
  120  12:20  Drone  
  120  12:21  Drone  
  136  12:28  Hatchery  
  136  12:29  Overlord x2  
  135  12:35  Hatchery x2  
  135  12:36  Drone  
  134  12:46  Zergling x2, Overlord  
  134  12:47  Overlord x3  
  118  13:02  Spore Crawler x2  
  118  13:03  Spore Crawler  
  118  13:04  Drone x2  
  113  13:06  Spore Crawler  
  112  13:21  Spore Crawler  
  111  13:30  Spore Crawler  
  110  13:36  Ultralisk x3  
  110  13:37  Zergling x6, Spore Crawler  
  130  13:43  Ultralisk x2  
  130  13:44  Zergling x10  
  147  13:55  Drone x7  
  153  13:58  Queen  
  155  14:08  Drone x2  
  155  14:09  Drone x7  
  163  14:23  Drone x4  
  167  14:33  Spire  
  167  14:34  Spine Crawler  
  167  14:36  Drone x3  
  168  14:43  Spore Crawler  
  168  14:45  Spine Crawler  
  166  14:52  Ultralisk x4  
  190  14:53  Zergling x8  
  154  15:21  Ultralisk  
  154  15:22  Zergling x6, Ultralisk  
  154  15:23  Zergling x4  
  159  15:33  Ultralisk  
  159  15:34  Drone, Zergling x4  
  159  15:35  Drone x6  
  168  15:49  Ultralisk  
  168  15:50  Zergling x8  
  153  16:05  Mutalisk x2  
  153  16:06  Corruptor  
  153  16:08  Zergling x6  
  153  16:09  Drone x4  
  153  16:10  Zergling x14  
  153  16:11  Zergling x6  
  176  16:16  Corruptor  
  176  16:18  Zergling x4  
  148  16:36  Zergling x4, Ultralisk  
  148  16:37  Zergling x4  
  148  16:38  Zergling x12  
  158  16:56  Corruptor x2  
  158  16:59  Zergling x8  
  158  17:00  Zergling x10  
  151  17:13  Ultralisk  
  151  17:14  Zergling x8  
  151  17:15  Zergling x2  
  149  17:18  Extractor  
  149  17:22  Zerg Flyer Weapons Level 1  
  143  17:26  Extractor  
  143  17:28  Extractor  
  143  17:29  Extractor  
  125  17:37  Zergling x12  
  126  17:38  Zergling x14  
  126  17:39  Zergling x10  
  142  17:48  Zergling x2  
  142  17:49  Zergling x4  
  145  17:51  Zerg Ground Armor Level 3  
  139  18:07  Spore Crawler  
  139  18:09  Drone, Spore Crawler  
  139  18:10  Drone x7, Spore Crawler  
  144  18:13  Spore Crawler  
  144  18:14  Spore Crawler x2  
  144  18:15  Spore Crawler  
  140  18:21  Spore Crawler x2  
  140  18:22  Spore Crawler  
  140  18:23  Drone x4  
  140  18:24  Drone x4, Spore Crawler  
  140  18:25  Zergling x10  
  140  18:26  Zergling x2, Ultralisk x2  
  161  18:27  Zergling x2  
  158  18:38  Corruptor x2  
  161  18:51  Drone x6  
  161  18:52  Drone x2  
  164  19:04  Hydralisk Den  
  141  19:18  Zergling x2  
  141  19:19  Zergling x16  
  141  19:21  Ultralisk x2  
  140  19:39  Ultralisk  
  140  19:40  Zergling x4  
  140  19:41  Zergling x10  
  140  19:42  Zergling x16  
  140  19:43  Zergling x2  
  162  19:50  Ultralisk  
  162  19:51  Zergling x4  
  165  20:09  Zergling x2  
  165  20:10  Zergling x6  
  165  20:11  Ultralisk x2  
  178  20:25  Ultralisk  
  178  20:26  Zergling x10  
  182  20:28  Zerg Melee Weapons Level 3  
  182  20:33  Zergling x4, Ultralisk  
  136  20:52  Zergling x6, Ultralisk  
  136  20:53  Zergling x4  
  136  20:54  Zergling x12  
  136  20:55  Zergling x8  
  155  21:06  Zergling x4, Ultralisk  
  155  21:07  Zergling x8  
  155  21:08  Zergling x6  
  161  21:27  Ultralisk  
  161  21:28  Zergling x2, Ultralisk  
  161  21:29  Zergling x10  
  161  21:30  Zergling x2  
  146  21:48  Ultralisk x2  
  146  21:49  Zergling x8  
  146  21:50  Zergling x12  
  145  21:56  Zergling x6  
  139  22:01  Zerg Missile Weapons Level 1  
  139  22:02  Hydralisk  
  141  22:14  Hatchery x3  
  134  22:20  Zergling x6  
  134  22:21  Zergling x4  
  118  22:39  Ultralisk x3  
  118  22:40  Zergling x12  
  103  22:52  Zergling x6  
  111  23:03  Zergling x4, Ultralisk  
  100  23:15  Zergling x6  
  103  23:29  Zergling x4, Ultralisk x2  
Show
View Real Time Build Order
Export as new Build Order

Massa Terran 

Build Orders:  

Get SALT Encoding   

  12  0:11  Supply Depot  
  12  0:13  SCV  
  13  0:25  SCV  
  14  0:33  Barracks  
  14  0:37  SCV  
  15  0:45  Supply Depot  
  15  0:49  SCV  
  16  0:57  Refinery  
  16  1:01  SCV  
  17  1:09  Refinery  
  17  1:15  SCV  
  18  1:27  SCV  
  18  1:29  Barracks  
  19  1:39  SCV  
  20  1:45  Barracks Reactor  
  20  1:51  SCV  
  20  1:52  Barracks  
  21  2:03  SCV  
  22  2:10  Factory  
  22  2:16  SCV  
  22  2:19  Reaper  
  24  2:23  Reaper  
  24  2:29  Reaper  
  26  2:38  Orbital Command  
  26  2:46  Reaper  
  27  2:51  Reaper  
  27  2:56  Factory Tech Lab  
  28  3:01  Reaper  
  29  3:16  Command Center  
  29  3:19  Reaper x2  
  31  4:00  Supply Depot  
  31  4:22  SCV, Reaper x2  
  31  4:23  Supply Depot  
  33  4:34  SCV  
  28  4:42  Marine x2  
  28  4:44  Siege Tank  
  32  4:46  SCV, Supply Depot  
  32  4:50  Barracks  
  33  4:54  Marine x2  
  33  4:57  Orbital Command  
  33  4:58  SCV  
  36  5:10  SCV, Engineering Bay  
  37  5:16  Siege Tank  
  37  5:19  Barracks  
  40  5:22  Marine x4  
  40  5:23  SCV  
  45  5:35  SCV  
  46  5:39  Marine  
  47  5:44  Marine x3  
  47  5:45  Marine  
  47  5:47  SCV  
  45  6:06  Marine x5  
  45  6:07  Marine  
  47  6:14  Siege Tank  
  47  6:16  SCV x2  
  52  6:23  Refinery  
  52  6:24  Marine x5  
  58  6:30  Terran Infantry Weapons Level 1  
  58  6:31  Supply Depot  
  58  6:36  Barracks Tech Lab  
  57  6:41  Marine  
  57  6:42  Marine x3  
  57  6:43  Barracks Reactor, SCV  
  57  6:44  SCV  
  63  6:55  SCV  
  63  6:56  SCV  
  63  6:59  Marine x2  
  63  7:00  Marauder, Marine  
  70  7:04  Combat Shield  
  70  7:08  SCV x2  
  72  7:13  Command Center  
  72  7:17  Missile Turret  
  72  7:20  SCV  
  72  7:21  Marauder  
  75  7:25  SCV  
  75  7:28  Missile Turret  
  76  7:32  SCV  
  76  7:34  Marine  
  78  7:37  Missile Turret  
  78  7:50  Missile Turret  
  78  7:53  Supply Depot  
  78  7:58  Missile Turret  
  78  8:06  SCV  
  78  8:15  SCV, Marine x6  
  78  8:17  Supply Depot  
  78  8:18  SCV  
  86  8:25  Marauder  
  86  8:27  Terran Infantry Armor Level 1, SCV  
  88  8:30  SCV  
  90  8:35  Armory  
  90  8:39  SCV  
  91  8:41  Supply Depot  
  91  8:43  SCV, Planetary Fortress, Missile Turret  
  91  8:46  Marauder  
  94  8:51  SCV  
  94  8:55  SCV  
  96  8:58  Siege Tank  
  99  9:04  Barracks  
  99  9:05  Factory, Missile Turret  
  99  9:08  Marauder  
  101  9:22  Command Center  
  101  9:25  Marine x4, Missile Turret  
  101  9:29  Barracks Reactor, Marauder  
  101  9:30  Siege Tank  
  110  9:31  Barracks Reactor  
  110  9:43  Marine x4  
  114  9:48  Command Center  
  114  9:50  Stimpack  
  114  9:51  Marauder  
  111  10:01  Marine x2  
  104  10:12  Marauder  
  96  10:15  Marine  
  96  10:16  Marine x5  
  96  10:18  Marine  
  96  10:19  Marine  
  100  10:33  Marauder, Marine x3  
  100  10:34  Marine  
  106  10:39  Barracks Reactor  
  106  10:43  Factory Tech Lab  
  106  10:44  Thor  
  112  10:55  Marauder, Sensor Tower  
  114  10:59  Orbital Command, SCV  
  114  11:00  SCV x2  
  117  11:04  Orbital Command  
  117  11:11  SCV  
  117  11:12  SCV x2  
  117  11:16  Marauder  
  122  11:21  Terran Infantry Weapons Level 2  
  122  11:24  SCV x3  
  125  11:30  Engineering Bay, Terran Vehicle Weapons Level 1  
  125  11:36  SCV x3  
  125  11:37  Marauder  
  130  11:48  SCV x3  
  133  11:54  Starport  
  133  11:55  Missile Turret  
  133  11:58  Starport  
  133  12:04  Armory  
  133  12:06  Refinery x2  
  133  12:11  SCV  
  133  12:12  SCV x3  
  137  12:17  Missile Turret  
  137  12:23  Thor  
  137  12:26  Marauder, Marine  
  137  12:27  Marine  
  147  12:38  Missile Turret  
  147  12:40  Supply Depot  
  147  12:47  Marine  
  147  12:51  Marine  
  147  12:58  Marine  
  147  12:59  Marine  
  147  13:01  Marine x2, Thor  
  147  13:03  Supply Depot  
  147  13:05  Marine x2  
  141  13:06  Marauder, Marine x3  
  141  13:08  Thor  
  122  13:16  Marine  
  121  13:20  Marine x3  
  121  13:21  Marine  
  121  13:23  Marine x2  
  121  13:24  Marine x3  
  121  13:26  Supply Depot  
  130  13:28  Starport Reactor x2, Marauder  
  132  13:34  Marine  
  132  13:37  Command Center  
  132  13:38  Marine x3  
  136  13:41  Terran Infantry Weapons Level 3, Terran Infantry Armor Level 2  
  136  13:43  Terran Vehicle Weapons Level 2  
  136  13:44  Terran Vehicle And Ship Armor Level 1  
  136  13:48  Supply Depot  
  136  13:49  Marauder  
  138  13:55  Refinery  
  138  14:00  Thor  
  138  14:02  Marine x6  
  148  14:03  Marine x4  
  154  14:11  Marauder, Supply Depot  
  154  14:15  Command Center  
  156  14:19  Marine  
  156  14:20  Marine x7  
  164  14:30  Supply Depot  
  164  14:33  Marauder, Marine x2  
  164  14:34  Supply Depot  
  164  14:36  Refinery  
  168  14:45  Medivac x2  
  172  14:49  Medivac x2  
  172  14:52  Marine x3  
  177  14:53  Marine, Supply Depot  
  177  14:55  Marauder  
  177  14:57  Supply Depot  
  182  15:15  Medivac  
  182  15:16  Marauder  
  182  15:17  Supply Depot  
  182  15:20  Supply Depot  
  119  15:41  Supply Depot  
  117  15:43  Supply Depot  
  117  15:44  Marauder, Marine x5  
  117  15:45  Marine x5  
  117  15:47  Thor  
  117  15:48  Thor  
  141  15:50  SCV x4  
  141  15:54  Orbital Command  
  145  16:02  SCV x3, Marine  
  145  16:03  SCV, Supply Depot  
  138  16:05  Marauder  
  140  16:14  SCV x2, Marine x3  
  140  16:15  SCV x2, Marine x6  
  153  16:20  Marine  
  154  16:26  SCV x2, Supply Depot  
  154  16:27  SCV x2, Marauder  
  154  16:32  Marine x3  
  161  16:35  Refinery  
  163  16:47  Command Center, Thor  
  163  16:48  Marauder  
  163  16:50  Supply Depot  
  121  17:10  Marauder  
  121  17:13  Supply Depot  
  104  17:17  Marine  
  99  17:26  Marine x6  
  99  17:27  Marine x3  
  108  17:31  Marauder  
  108  17:33  Hellbat x2  
  108  17:35  Marine  
  108  17:36  Supply Depot  
  115  17:40  Refinery  
  115  17:42  Refinery  
  115  17:44  Marine x8  
  114  17:45  Marine  
  122  17:52  Marauder, Marine  
  122  17:54  Hellbat  
  122  17:55  Hellbat  
  129  18:01  Marine  
  129  18:02  Marine x8  
  129  18:03  Medivac x4  
  146  18:10  Marine  
  147  18:14  Marauder  
  147  18:15  Hellbat  
  147  18:16  Hellbat  
  147  18:19  Marine x3  
  154  18:20  Marine x6  
  154  18:25  Barracks  
  162  18:28  Marine  
  162  18:29  Sensor Tower  
  162  18:33  Sensor Tower, Medivac  
  163  18:35  Marauder  
  163  18:37  Marine x4, Hellbat x2  
  163  18:38  Marine x5  
  176  18:46  Marine  
  164  18:55  Marine x6  
  129  18:56  Marine x4  
  129  18:58  Hellbat  
  129  18:59  Hellbat  
  120  19:04  Marine  
  108  19:13  Marine x8  
  108  19:14  Barracks, Marine x2  
  110  19:19  Thor x2  
  110  19:22  Marine  
  120  19:26  Barracks  
  120  19:27  Barracks Tech Lab  
  120  19:30  Marine  
  120  19:31  Marine x8  
  123  19:32  Marauder  
  123  19:34  Terran Infantry Armor Level 3  
  131  19:39  Marine  
  132  19:48  Marine x2  
  132  19:49  Marine x2  
  134  19:54  Marauder  
  110  20:02  Thor  
  110  20:06  Marauder, Marine x4  
  110  20:07  Marine x6  
  98  20:15  Marauder  
  77  20:23  Marine  
  77  20:24  Marine x6  
  77  20:25  Marine x3  
  77  20:26  Medivac  
  77  20:27  Medivac x2  
  80  20:30  Thor  
  83  20:36  Marauder, Command Center  
  83  20:41  Marine x2  
  83  20:42  Marine x8  
  93  20:58  Marauder  
  93  20:59  Marine x4  
  93  21:00  Marine x6  
  105  21:19  Marine  
  106  21:37  Marauder  
  106  21:39  Command Center  
  108  21:53  Sensor Tower  
  95  22:12  Marauder, Marine x5  
  95  22:13  Marine  
  103  22:33  Marauder  
  105  22:43  SCV x2  
  105  22:44  SCV  
  108  22:54  Marauder  
  108  22:55  SCV  
  108  22:56  SCV x2  
  104  23:16  Marauder  
  97  23:32  Marine x5  
  97  23:37  Marauder  
  97  23:59  Marauder  
  85  24:08  Marine x4  
  85  24:09  Marine  
  69  24:20  Marauder  
  69  24:24  SCV  
  72  24:28  Refinery  
  72  24:30  SCV x3  
  75  24:36  SCV  
  76  24:40  SCV  
  76  24:41  Marauder  
  76  24:42  SCV x3  
  82  24:48  SCV  
  82  24:52  SCV  
  84  24:54  SCV x3  
  87  25:00  SCV  
Show
View Real Time Build Order
Export as new Build Order

Ankna Terran - Winner!

Build Orders:  

Get SALT Encoding   

  12  0:01  SCV  
  13  0:13  SCV  
  14  0:17  Supply Depot  
  14  0:25  SCV  
  15  0:39  SCV  
  15  0:41  Barracks  
  16  0:51  SCV  
  17  1:00  Supply Depot  
  17  1:03  SCV  
  18  1:15  SCV  
  19  1:28  Marine  
  19  1:29  Refinery  
  20  1:37  Command Center  
  20  1:41  Orbital Command  
  20  1:46  Marine  
  21  2:04  Marine  
  22  2:09  SCV  
  23  2:21  SCV  
  25  2:23  Barracks Reactor  
  24  2:33  SCV  
  24  2:35  Refinery  
  25  2:42  Barracks  
  25  2:48  SCV  
  26  2:54  Factory  
  26  2:55  Orbital Command  
  26  3:00  Marine x2  
  26  3:04  SCV  
  29  3:16  SCV  
  29  3:18  Marine  
  31  3:20  Marine  
  31  3:22  SCV  
  33  3:28  SCV  
  33  3:30  Barracks Tech Lab, Supply Depot  
  34  3:34  SCV  
  34  3:35  Marine  
  34  3:38  Factory Tech Lab, Marine  
  37  3:42  Starport  
  37  3:50  Marauder  
  37  3:52  Stimpack  
  37  3:53  SCV x2, Marine  
  42  4:05  SCV x2  
  44  4:24  Marine x2  
  44  4:25  Marine, Siege Tank  
  50  4:42  Marine x2  
  53  4:45  SCV x2  
  53  4:49  Refinery  
  53  4:50  Refinery  
  53  4:51  Starport Reactor  
  54  4:53  Command Center  
  54  5:23  SCV  
  54  5:24  SCV, Marine, Supply Depot  
  54  5:25  Marine  
  54  5:27  Marauder, Supply Depot  
  54  5:45  SCV x2, Siege Tank, Marine x2, Supply Depot  
  54  5:47  Supply Depot  
  54  5:48  Marine, Medivac x2  
  61  5:58  SCV x2  
  61  6:03  Marine x2  
  58  6:14  Marine  
  58  6:18  SCV x2, Medivac, Siege Tank  
  63  6:21  Combat Shield  
  66  6:29  Marine x2  
  66  6:30  SCV  
  66  6:32  Marine  
  70  6:44  SCV x2  
  72  6:47  Marine x2  
  72  6:48  Supply Depot  
  72  6:49  Supply Depot  
  72  6:50  Marauder  
  72  6:51  Engineering Bay  
  72  6:52  Engineering Bay  
  76  6:56  SCV  
  77  7:02  Medivac x2  
  77  7:05  Marine x2  
  83  7:09  Orbital Command  
  83  7:10  SCV x2  
  85  7:22  SCV x2  
  87  7:28  Marine  
  87  7:29  Marine  
  91  7:30  Marauder, Siege Tank  
  91  7:32  Medivac  
  91  7:34  SCV x2  
  91  7:35  Bunker  
  98  7:37  Supply Depot  
  98  7:46  SCV  
  98  7:50  Marine x2  
  98  7:51  Marine  
  102  7:52  Viking  
  104  8:02  Viking  
  105  8:08  Marine  
  102  8:19  Marine  
  102  8:20  Marine  
  102  8:26  Marine  
  104  8:37  Marine x2  
  99  8:43  SCV, Marine  
  99  8:44  SCV x2, Terran Infantry Weapons Level 1  
  99  8:45  Terran Infantry Armor Level 1  
  103  8:50  Armory  
  103  8:55  SCV  
  103  8:56  Marauder  
  103  8:57  SCV x2  
  103  9:01  Refinery  
  103  9:02  Refinery  
  108  9:04  Barracks  
  108  9:06  Barracks  
  108  9:08  SCV  
  108  9:09  SCV  
  110  9:15  Marine x2  
  110  9:16  SCV  
  113  9:17  Marine  
  113  9:20  SCV  
  113  9:21  SCV, Siege Tank  
  113  9:22  Medivac x2  
  123  9:28  SCV  
  124  9:32  SCV  
  124  9:33  Missile Turret  
  124  9:36  Missile Turret  
  125  9:41  Missile Turret  
  125  9:43  Supply Depot  
  125  9:45  Supply Depot  
  125  9:47  Terran Vehicle Weapons Level 1  
  125  9:59  SCV, Marine  
  125  10:01  SCV x2  
  118  10:11  SCV  
  118  10:13  SCV x2  
  106  10:16  Marine x2  
  106  10:17  Marine x3  
  106  10:19  Siege Tank  
  118  10:22  Liberator  
  118  10:23  SCV, Liberator  
  118  10:25  SCV x2  
  117  10:34  Marine x3  
  117  10:35  SCV, Marauder  
  121  10:37  SCV  
  121  10:39  Terran Infantry Weapons Level 2, Supply Depot  
  121  10:40  Terran Infantry Armor Level 2  
  122  10:51  Siege Tank  
  122  10:54  Command Center x2  
  127  10:57  Barracks Reactor, Marauder  
  127  10:58  Barracks Tech Lab  
  127  10:59  Marine  
  127  11:00  Marine  
  129  11:05  Liberator  
  132  11:17  Marine x2  
  132  11:18  Marauder x2  
  138  11:22  Supply Depot  
  138  11:23  Supply Depot  
  141  11:25  Siege Tank  
  141  11:26  Supply Depot  
  141  11:35  Marine  
  141  11:39  Marauder x2, Marine x3  
  149  11:43  Terran Ship Weapons Level 1  
  149  11:48  SCV  
  149  11:49  SCV x2  
  149  11:51  Ghost Academy  
  149  11:53  Marine  
  153  11:56  Liberator x2  
  153  11:57  Marine x2  
  153  12:00  Marauder  
  153  12:01  Marauder  
  165  12:08  Orbital Command  
  165  12:16  Marine  
  165  12:17  Marine x2  
  165  12:18  Marine  
  165  12:19  Siege Tank  
  165  12:21  Marine  
  165  12:22  Marine  
  174  12:34  Marine  
  175  12:38  Refinery  
  175  12:41  Refinery  
  128  13:20  Marine x2  
  128  13:21  Marine x4  
  128  13:25  Siege Tank  
  128  13:26  Liberator  
  128  13:27  Liberator  
  140  13:28  SCV x2  
  140  13:29  Terran Infantry Weapons Level 3  
  140  13:32  Terran Infantry Armor Level 3  
  145  13:35  Personal Cloaking  
  145  13:38  Marine x2  
  145  13:39  Marauder x2  
  145  13:40  Ghost Academy  
  151  13:44  Ghost Academy  
  151  13:45  Planetary Fortress  
  151  13:57  Siege Tank  
  151  14:01  Marauder x2  
  158  14:03  Command Center  
  158  14:12  Marine x4  
  162  14:20  Orbital Command  
  162  14:21  Barracks x2  
  162  14:22  Barracks, Marauder x2  
  162  14:24  Barracks, Liberator x2  
  166  14:28  Enhanced Shockwaves  
  166  14:29  Nuke, Marine  
  166  14:30  Terran Ship Weapons Level 2, Marine x2  
  175  14:32  SCV x2  
  177  14:43  Marauder x2  
  181  14:50  Command Center x2  
  181  14:53  Refinery  
  181  14:55  Refinery  
  177  15:01  Nuke  
  177  15:05  Marauder  
  177  15:07  Liberator  
  141  15:46  Marine x4  
  141  15:47  Nuke, Marine x4  
  139  16:04  Marine x3  
  128  16:05  Marauder, Marine  
  129  16:22  Marine x2  
  121  16:54  Barracks Tech Lab x4  
  83  17:23  Marine x5  
  83  17:26  Thor  
  87  17:38  Barracks  
  87  17:39  Barracks  
  87  17:40  Marine  
  87  17:41  Marauder, Marine  
  87  17:42  Orbital Command, Barracks, Marauder x2  
  95  17:44  Barracks  
  95  17:48  Supply Depot  
  95  17:49  Supply Depot x2  
  95  17:50  Supply Depot  
  86  17:59  Marauder x2  
  86  18:03  Marauder x3  
  93  18:20  Marauder x2  
  93  18:24  Marine x2  
  80  18:42  Marine x5  
  85  18:59  Marine  
  85  19:00  Marine x2  
  85  19:01  Marauder  
  88  19:05  Marine  
  88  19:08  Barracks Reactor  
  88  19:09  Barracks Reactor x2  
  89  19:10  Concussive Shells  
  89  19:12  SCV  
  89  19:13  SCV x2  
  92  19:17  Marine x2  
  92  19:18  Marine  
  92  19:21  Marine  
  92  19:23  Marauder, Planetary Fortress  
  98  19:25  SCV x4  
  102  19:36  Marauder x3  
  102  19:37  SCV x3  
  111  19:40  Marauder  
  111  19:41  Marine  
  111  19:44  Marauder  
  111  19:45  Orbital Command  
  116  19:49  SCV x3  
  116  19:50  Refinery x2  
  119  19:57  Marauder, Marine x2  
  119  19:59  Marine  
  124  20:01  Marine  
  124  20:05  Marine  
  110  20:14  Marine, Ghost  
  110  20:18  Marauder  
  110  20:19  Marauder, Marine x6  
  110  20:20  Marine  
  116  20:24  Marauder  
  116  20:25  Viking x2  
  116  20:26  SCV x3  
  116  20:27  SCV  
  125  20:30  Missile Turret  
  125  20:32  Marine  
  125  20:34  Orbital Command  
  125  20:36  Marine  
  125  20:37  Marine x6  
  125  20:38  SCV x3  
  125  20:39  SCV  
  125  20:40  Marauder x2  
  140  20:44  Marauder  
  140  20:45  Marauder  
  144  20:51  Marauder  
  144  20:54  Marine x3  
  144  20:55  Marine x2, Viking  
  153  21:01  Marauder  
  154  21:07  Marine x5  
  159  21:11  Marine  
  138  21:23  Marauder  
  137  21:39  Orbital Command  
  134  21:42  Marine x5  
  134  21:43  Marine x5  
  134  21:44  Marauder x2  
  148  22:00  Marine x6  
  153  22:01  Marauder x2, Medivac  
  153  22:02  Marauder, Marine, Medivac  
  153  22:05  Cyclone, Marine x2  
  167  22:14  SCV x5  
  172  22:17  Marine  
  172  22:18  Marine  
  174  22:24  Marine x2  
  174  22:25  Marine x7  
  174  22:26  SCV x2, Marauder  
  185  22:31  Medivac x2  
  185  22:37  Cyclone  
  185  22:38  Marine x2  
  185  22:42  Marine  
  185  22:43  Marauder  
  193  22:44  Ghost x3  
  193  22:46  Barracks Reactor  
  199  23:00  Refinery  
  199  23:01  Refinery  
  199  23:04  Marine  
  200  23:18  Marine x3  
  200  23:19  Marine x4  
  200  23:20  Marauder  
  188  23:35  Ghost x2  
  188  23:36  Ghost, Marine x4  
  188  23:37  Ghost  
  188  23:48  Ghost  
  183  24:03  Ghost  
  183  24:06  Ghost  
  183  24:08  Marine  
  188  24:15  Marine, Ghost  
  188  24:17  Marine x2  
  188  24:18  Marine  
  188  24:21  Marine  
  188  24:25  Marine  
  188  24:28  Ghost  
  188  24:30  Marine x2  
  177  24:43  Marine x2  
  177  24:44  Ghost, Marine x2  
  177  24:45  Ghost x2  
  173  24:46  SCV x3  
  163  24:58  SCV  
  163  24:59  SCV x2  
Show
View Real Time Build Order
Export as new Build Order

blonkie Terran - Winner!

Build Orders:  

Get SALT Encoding   

  12  0:01  SCV  
  13  0:13  SCV  
  14  0:20  Supply Depot  
  14  0:25  SCV  
  15  0:42  SCV  
  16  0:43  Barracks  
  16  0:53  Barracks  
  16  0:54  SCV  
  17  1:02  Refinery  
  17  1:10  SCV  
  18  1:22  SCV  
  19  1:32  Marine  
  20  1:34  Orbital Command  
  20  1:41  Marine  
  21  1:53  Supply Depot  
  21  2:00  Barracks Tech Lab  
  21  2:02  SCV  
  21  2:04  Barracks Reactor  
  22  2:20  SCV  
  23  2:25  Marine  
  24  2:32  Command Center  
  24  2:37  SCV  
  24  2:41  Marine x2  
  24  2:42  Combat Shield  
  27  2:47  Marine  
  28  2:58  Refinery  
  28  2:59  SCV, Supply Depot  
  28  3:00  Marine  
  28  3:02  Marine  
  30  3:11  SCV  
  31  3:21  Marauder  
  31  3:25  Factory  
  33  3:31  Marine x2  
  35  3:43  Marauder  
  37  3:49  Marine x2  
  37  3:51  SCV  
  40  4:04  Marauder  
  40  4:07  Marine x2  
  27  4:25  Marine x2  
  27  4:27  Starport  
  24  4:41  Factory Tech Lab  
  24  4:43  Marauder  
  26  4:55  Orbital Command  
  26  4:58  SCV  
  27  5:10  SCV  
  28  5:44  SCV  
  28  5:45  SCV  
  30  5:56  SCV  
  30  5:57  SCV  
  23  6:09  SCV x2, Marine x3  
  20  6:21  SCV x2  
  22  6:27  Marauder  
  24  6:33  SCV x2  
  24  6:35  Marine x2  
  28  6:44  Medivac  
  28  6:46  SCV x2  
  32  6:52  Stimpack  
  32  6:55  Marine x2  
  32  6:57  Marauder  
  32  6:58  SCV  
  37  7:01  SCV  
  38  7:10  SCV  
  38  7:13  Marine  
  38  7:14  Marine  
  41  7:18  Marine  
  42  7:25  Barracks  
  42  7:31  Marine  
  42  7:32  Marine  
  42  7:34  Supply Depot  
  42  7:36  Marauder  
  46  7:41  SCV x2  
  48  7:49  Marine x2  
  48  7:51  Siege Tank  
  53  7:53  SCV  
  53  7:55  SCV, Medivac  
  53  7:57  Marauder  
  59  8:06  Marine  
  60  8:22  Barracks Reactor  
  60  8:26  SCV x2  
  62  8:30  Supply Depot  
  62  8:35  Refinery  
  62  8:36  Refinery  
  62  8:51  SCV x2, Marauder, Marine x2  
  68  9:03  SCV  
  68  9:09  Marine x2  
  70  9:34  Marine x3, Supply Depot  
  70  9:35  Marine x2, Siege Tank  
  70  9:37  Supply Depot x2  
  78  9:38  Engineering Bay  
  78  9:45  Starport Reactor  
  78  9:52  Marine  
  81  9:53  Marauder, Marine  
  82  10:00  Command Center  
  82  10:07  Siege Tank  
  65  10:23  Marine x3  
  65  10:24  Marauder, Marine  
  65  10:26  Concussive Shells  
  71  10:33  Terran Infantry Weapons Level 1  
  71  10:35  SCV x2  
  73  10:36  Medivac x2  
  77  10:45  Barracks  
  77  10:47  SCV x2  
  77  10:48  Barracks  
  79  10:55  Engineering Bay, Siege Tank  
  82  10:57  Armory  
  82  10:58  Marauder  
  84  11:05  SCV  
  84  11:06  SCV  
  86  11:14  Medivac x2  
  90  11:20  Planetary Fortress  
  90  11:36  Marine x4  
  90  11:37  Marauder  
  90  11:38  Barracks Tech Lab  
  90  11:39  Barracks Reactor  
  96  11:40  Terran Infantry Armor Level 1  
  96  11:54  Marine  
  96  11:57  Marine x3  
  96  11:58  Marine  
  96  11:59  SCV x2  
  103  12:01  SCV  
  103  12:08  Marauder  
  106  12:11  SCV x2  
  106  12:12  Marine  
  106  12:13  SCV  
  106  12:15  Marine x3  
  112  12:16  Marauder  
  112  12:17  Marine x2  
  117  12:23  SCV x2  
  117  12:24  Supply Depot  
  117  12:25  Supply Depot  
  117  12:26  SCV  
  117  12:29  Marauder, Marine, Supply Depot  
  122  12:33  Marine x2  
  125  12:38  Barracks  
  125  12:40  Barracks  
  125  12:46  Marauder, Marine x2  
  125  12:49  Marine x2  
  125  12:50  Marine, Siege Tank  
  125  12:51  Marauder, Marine  
  131  13:03  Marine  
  124  13:08  Marauder  
  124  13:12  Marauder  
  126  13:16  SCV x3  
  129  13:22  Siege Tank  
  129  13:23  Marine x4  
  136  13:28  SCV x3  
  136  13:29  Marauder  
  139  13:40  SCV  
  140  13:42  Terran Infantry Weapons Level 2  
  140  13:46  Refinery  
  140  13:47  Refinery  
  140  13:57  Barracks  
  140  13:58  Marine x5  
  140  13:59  Barracks x2, Marauder x2  
  148  14:04  Command Center  
  146  14:18  Bunker  
  146  14:20  Marauder  
  146  14:21  Bunker  
  146  14:22  Bunker  
  148  14:24  Bunker  
  148  14:28  Marine  
  148  14:29  Bunker  
  149  14:33  Marine x3  
  149  14:34  Marauder, Supply Depot x2  
  153  14:42  Marauder  
  117  15:37  Marine x3  
  117  15:38  Marine x4  
  117  15:39  Marauder  
  116  15:47  Siege Tank  
  119  15:55  Marine x4  
  119  15:56  Marauder, Marine x2  
  124  16:00  Marauder  
  110  16:10  Barracks Tech Lab  
  110  16:11  Barracks Tech Lab  
  110  16:13  Marine x5  
  110  16:14  Barracks Reactor, Marine  
  110  16:17  Barracks Reactor  
  110  16:18  Marauder  
  118  16:19  Siege Tank  
  118  16:21  Marauder, Medivac x2  
  127  16:31  Marine x6  
  133  16:37  Command Center  
  133  16:39  Marauder  
  135  16:42  Marine  
  136  16:51  Medivac, Siege Tank  
  141  17:01  Marauder x2  
  106  17:23  Siege Tank  
  106  17:24  Marine x2  
  106  17:25  Marine x5  
  106  17:26  Marauder x4, Marine x3  
  127  17:31  Terran Infantry Weapons Level 3  
  127  17:42  Marine x4  
  127  17:43  Marine x3  
  134  17:44  Marine  
  134  17:47  Marauder x3  
  134  17:48  Marauder  
  143  17:55  Siege Tank  
  146  18:02  Marine x2  
  146  18:03  Marine x4  
  146  18:04  Marine x4  
  156  18:09  Marauder x4  
  164  18:17  Medivac  
  166  18:20  Marine x3  
  166  18:21  Marine x3  
  166  18:22  Marine x3  
  175  18:27  Marine, Siege Tank  
  175  18:30  Marauder x2, Marine x2  
  185  18:43  Marine x3  
  185  18:44  Marine x3  
  185  18:48  Marauder  
  174  19:01  Marine x4  
  174  19:02  Marine x5  
  156  19:41  Marine x3  
  156  19:42  Marine x4  
  156  19:43  Marauder x2  
  156  19:44  Medivac  
  147  20:09  Marine x2  
  147  20:10  Marine x3  
  147  20:11  Marauder x2, Marine  
  149  20:30  Marine x5  
  149  20:31  Marauder x2  
  139  20:48  Marine x4  
  139  20:49  Marine x3  
  147  20:50  Marauder x2  
  147  20:52  Marauder  
  149  20:59  Planetary Fortress  
  149  21:13  Marine x4  
  149  21:14  Marauder x2, Marine x2  
  149  21:15  Marauder  
  161  21:31  Marine x4  
  161  21:32  Marauder, Marine  
  134  22:06  Marine x7  
  134  22:07  Marine x5  
  138  22:17  Marine x2  
  96  22:49  Marine  
  96  22:50  Marine x3  
  88  22:56  Orbital Command  
  55  23:31  Marine x6  
  55  23:32  Marauder, Marine  
  55  23:33  Marauder x2  
  57  23:49  Marine x6  
  57  23:50  Marauder  
  57  23:54  Marauder x2  
  66  24:04  Marine  
  66  24:06  Marine  
  66  24:07  Marine x3  
  67  24:11  Marauder  
  67  24:15  Marauder  
  67  24:16  Marine x3  
  66  24:22  Orbital Command, Marine  
Tags
 
Add a new tag
Caveats
  • Supply blocks, unpowered buildings, or Contaminate may cause inaccurate times.
  • Supply counts are checked every 10 seconds.